Map: Givre EC

Players

Worming - Winner!

  • Race: Zerg Zerg
  • League: Diamond

lizard

  • Race: Terran Terran
  • League: Diamond

VOD

Have the link to the VOD?

Description

Time

  • Played on: June 30, 2016, 1:14 p.m.
  • Length: 13:39
Show
View Real Time Build Order
Export as new Build Order

Worming Zerg - Winner!

Build Orders: 3 Hatch before Pool 

Get SALT Encoding   

  12  0:01  Drone  
  13  0:12  Overlord  
  13  0:17  Drone  
  14  0:32  Drone x2  
  14  0:34  Drone  
  17  0:45  Drone  
  18  0:56  Hatchery  
  17  0:59  Drone  
  18  1:07  Drone  
  19  1:25  Hatchery  
  19  1:28  Drone  
  19  1:38  Spawning Pool  
  18  1:41  Drone  
  18  1:45  Drone  
  18  1:46  Extractor  
  19  1:51  Overlord  
  19  2:12  Drone x3  
  22  2:25  Queen x2  
  22  2:26  Zergling x2  
  22  2:28  Zergling x2  
  28  2:31  Drone  
  29  2:37  Drone x2  
  31  2:44  Queen  
  31  2:50  Metabolic Boost  
  33  2:53  Drone  
  33  2:55  Drone  
  33  2:57  Drone  
  36  2:59  Drone  
  37  3:09  Drone x4  
  41  3:13  Overlord  
  41  3:23  Drone  
  42  3:35  Drone x6  
  42  3:39  Overlord x2  
  48  3:43  Lair  
  46  3:51  Roach Warren  
  45  3:59  Spine Crawler  
  45  4:00  Zergling x10  
  45  4:01  Zergling x2  
  50  4:13  Drone x5  
  50  4:15  Drone x2  
  57  4:21  Drone x5, Extractor x2  
  60  4:30  Drone x3  
  63  4:32  Drone, Evolution Chamber  
  63  4:33  Drone, Evolution Chamber  
  63  4:34  Drone  
  63  4:37  Overlord  
  64  4:52  Roach, Spine Crawler  
  61  5:00  Roach x4  
  67  5:11  Roach x2  
  67  5:12  Roach x2  
  74  5:19  Roach  
  74  5:20  Roach x2  
  66  5:30  Drone x8  
  74  5:43  Zerg Missile Weapons Level 1, Zerg Ground Armor Level 1  
  74  5:47  Overlord x3  
  74  5:52  Glial Reconstitution  
  74  6:00  Overlord  
  74  6:09  Overlord  
  74  6:12  Drone x6  
  74  6:15  Queen x2  
  84  6:40  Hydralisk Den  
  84  6:41  Drone x4, Infestation Pit, Spire  
  85  6:53  Hatchery  
  84  7:07  Drone x6, Extractor x2  
  88  7:08  Drone  
  88  7:09  Drone x3, Extractor  
  88  7:10  Drone x2, Overlord x2  
  88  7:12  Muscular Augments  
  93  7:30  Drone x2  
  93  7:31  Drone x3  
  98  7:49  Overseer  
  98  7:50  Pneumatized Carapace  
  98  7:51  Hive  
  98  7:52  Zerg Missile Weapons Level 2  
  98  7:53  Zerg Ground Armor Level 2  
  98  7:59  Extractor x2  
  98  8:00  Zerg Flyer Weapons Level 1  
  98  8:01  Drone x2  
  98  8:02  Drone x3  
  98  8:03  Drone  
  96  8:09  Drone x3  
  96  8:10  Queen, Drone x3  
  104  8:27  Hatchery  
  104  8:29  Overlord x4  
  104  8:30  Overlord  
  103  8:34  Lurker Den  
  103  8:37  Zergling x20  
  113  8:44  Hydralisk x4  
  121  8:52  Hydralisk x2  
  121  8:54  Roach  
  121  8:55  Roach x3  
  133  9:00  Ravager x8  
  141  9:12  Corruptor x2  
  141  9:13  Zergling x12  
  141  9:14  Zergling x6  
  135  9:36  Extractor  
  97  9:53  Hydralisk  
  97  9:54  Hydralisk x5  
  97  9:55  Roach x11  
  131  10:01  Drone  
  132  10:07  Drone x3  
  132  10:12  Roach  
  137  10:16  Zerg Missile Weapons Level 3, Zerg Ground Armor Level 3  
  137  10:18  Drone x2  
  137  10:19  Drone  
  140  10:21  Extractor  
  119  11:03  Roach x6, Hydralisk x3  
  119  11:04  Roach x4, Hydralisk x2  
  131  11:13  Greater Spire  
  131  11:16  Drone x3, Spire  
  131  11:17  Drone x4  
  133  11:23  Corruptor  
  133  11:24  Corruptor x2  
  139  11:33  Hatchery  
  138  11:42  Roach x2, Hydralisk x4  
  138  11:43  Roach x3  
  156  11:47  Zergling x2  
  156  11:49  Zergling x2  
  158  11:55  Adrenal Glands  
  158  11:56  Zergling x18  
  158  11:58  Ultralisk Cavern  
  166  12:08  Spine Crawler x2  
  161  12:09  Spine Crawler  
  161  12:15  Zergling x2  
  138  12:41  Brood Lord x5  
  146  12:51  Drone  
  146  12:54  Drone x3  
  149  12:59  Overlord  
  149  13:00  Overlord x3  
  149  13:06  Roach x11, Hydralisk x4  
Show
View Real Time Build Order
Export as new Build Order

lizard Terran 

Build Orders: Command Center First (CC), Hellion Opening, Mech 

Get SALT Encoding   

  12  0:01  SCV  
  13  0:13  SCV  
  14  0:20  Supply Depot  
  14  0:25  SCV  
  15  0:42  SCV  
  16  0:54  SCV  
  17  1:01  Command Center  
  17  1:06  SCV  
  18  1:13  Refinery  
  18  1:19  SCV  
  19  1:30  Barracks  
  19  1:32  SCV  
  20  1:44  SCV  
  21  1:49  Refinery  
  21  1:56  SCV  
  22  2:16  Orbital Command x2  
  22  2:20  Factory  
  22  2:28  Barracks Reactor  
  22  2:47  SCV x2  
  24  2:56  Factory  
  24  2:59  Supply Depot, SCV  
  24  3:00  SCV  
  26  3:11  Barracks Reactor  
  28  3:13  Hellion x2  
  30  3:22  SCV x2  
  32  3:32  Armory  
  32  3:34  SCV  
  32  3:35  SCV  
  32  3:37  Hellion x2  
  37  3:53  SCV x2  
  37  3:55  Hellion x2  
  43  3:58  Hellion  
  45  4:07  Supply Depot  
  45  4:08  Supply Depot  
  45  4:14  Starport  
  45  4:15  SCV  
  46  4:26  Refinery  
  46  4:27  Refinery  
  46  4:29  Hellion, SCV x2  
  50  4:34  Hellion x3  
  56  4:39  Supply Depot  
  56  4:41  SCV x2  
  52  5:33  Hellion x2  
  52  5:34  Starport Reactor, Hellion  
  56  5:36  SCV x2  
  56  5:37  Factory  
  56  5:38  Factory  
  50  5:45  Hellion  
  50  5:48  SCV x2  
  54  5:55  Liberator x2, Hellion x3  
  60  6:00  Terran Vehicle Weapons Level 1  
  60  6:01  Supply Depot  
  60  6:02  SCV x2  
  60  6:03  Barracks Tech Lab, Supply Depot  
  62  6:14  SCV x2  
  70  6:23  Hellion x2  
  78  6:38  SCV x2  
  80  6:43  Factory Tech Lab  
  80  6:46  Command Center  
  73  7:07  SCV x2  
  75  7:16  Siege Tank  
  75  7:17  Barracks Reactor  
  75  7:19  Armory  
  75  7:22  Supply Depot  
  78  7:25  Supply Depot x2  
  78  7:27  Liberator  
  78  7:29  Liberator  
  78  7:39  Supply Depot  
  78  7:40  Supply Depot  
  86  7:44  Siege Tank, SCV x2  
  86  7:50  Siege Tank  
  92  7:56  SCV x2  
  94  8:08  SCV  
  95  8:13  Infernal Pre-Igniter  
  95  8:15  Orbital Command  
  95  8:16  Siege Tank, SCV  
  99  8:20  SCV  
  99  8:22  Siege Tank  
  107  8:27  Hellion x2  
  107  8:28  SCV  
  107  8:32  SCV  
  109  8:44  Liberator x2  
  109  9:00  Hellion x2, Siege Tank x2  
  125  9:12  Orbital Command  
  120  9:27  Liberator x2  
  99  9:41  Siege Tank x2  
  99  9:42  Hellion x2  
  91  9:57  Terran Vehicle Weapons Level 2  
  91  10:02  Factory  
  91  10:03  Hellion x2  
  91  10:06  SCV  
  91  10:07  SCV x2  
  98  10:13  Siege Tank x2  
  104  10:14  Refinery  
  104  10:17  Refinery  
  104  10:18  SCV  
  105  10:25  Engineering Bay  
  77  11:01  Siege Tank x2  
  77  11:02  Hellion x3  
  77  11:03  Orbital Command  
  78  11:17  SCV x2  
  80  11:28  Factory Tech Lab  
  80  11:29  SCV x2  
  80  11:30  Refinery, Liberator, Terran Vehicle And Ship Armor Level 1  
  82  11:33  Siege Tank x2  
  82  11:35  SCV  
  82  11:38  Hellion x2  
  93  11:41  Factory, SCV x2  
  93  11:43  Factory  
  95  11:47  SCV  
  95  11:53  SCV x2  
  101  11:59  Hellion x2, SCV  
  106  12:02  Siege Tank  
  106  12:05  Siege Tank x2, SCV  
  106  12:06  Supply Depot x2, SCV  
  114  12:09  Supply Depot  
  114  12:10  Supply Depot  
  114  12:11  SCV  
  115  12:21  Hellion x2  
  113  12:39  Siege Tank x3  
  113  12:42  Hellion x2  
  121  13:08  Command Center  
  121  13:09  Command Center  
  130  13:24  Factory Tech Lab x2  
Tags
 
Add a new tag
Caveats
  • Supply blocks, unpowered buildings, or Contaminate may cause inaccurate times.
  • Supply counts are checked every 10 seconds.